 Dungeon Crawl Stone Soup version 0.27-a0-1555-g0e7b3fb1d2 (webtiles) character file.

Game seed: 8052168714821146962

164 ezpacito the Chopper (level 5, 41/41 HPs)
             Began as a Demonspawn Berserker on July 14, 2021.
             Was a Believer of Trog.
             Quit the game on level 3 of the Dungeon.
             The game lasted 00:02:58 (3298 turns).

ezpacito the Chopper (Demonspawn Berserker)         Turns: 3298, Time: 00:02:59

Health: 41/41      AC: 10    Str: 18    XL:     5   Next: 21%
Magic:  5/5        EV: 11    Int:  8    God:    Trog [**....]
Gold:   162        SH:  0    Dex: 13    Spells: 4/4 levels left

rFire    . . .     SeeInvis .   a - +1 hand axe
rCold    . . .     Faith    .   (no shield)
rNeg     . . .     Spirit   .   e - +0 ring mail
rPois    .         Reflect  .   (helmet restricted)
rElec    .         Harm     .   c - +1 cloak
rCorr    .         Rampage  .   g - +2 pair of gloves
Will     .....                  (no boots)
Stlth    +.........             (no amulet)
HPRegen  0.13/turn              (no ring)
MPRegen  0.09/turn              (no ring)

@: no status effects
A: antennae 1, powered by pain 2, high mp 1, no potion heal 1
a: Renounce Religion, Berserk, Trog's Hand


You were on level 3 of the Dungeon.
You worshipped Trog.
Trog was pleased with you.
You visited 1 branch of the dungeon, and saw 3 of its levels.

You collected 162 gold pieces.

Inventory:

Hand Weapons
 a - a +1 hand axe (weapon)
 b - a +2 quarterstaff of chaos
Missiles
 i - 3 atropa-tipped darts (quivered)
Armour
 c - a +1 cloak (worn)
 e - a +0 ring mail (worn)
 g - a +2 pair of gloves (worn)
Potions
 d - a potion of resistance
 f - a potion of attraction {unknown}


   Skills:
 + Level 3.5 Fighting
 * Level 3.8 Axes
 + Level 2.3 Armour
 + Level 2.4 Dodging
 + Level 1.5 Stealth
 + Level 1.3 Unarmed Combat


You had 4 spell levels left.
You didn't know any spells.
Your spell library was empty.

Dungeon Overview and Level Annotations

Branches:
Dungeon (3/15)

Altars:


Innate Abilities, Weirdness & Mutations

You have a pair of small antennae on your head.
You sometimes gain power by taking damage.
You have an increased reservoir of magic. (+10% MP)
Potions are less effective at restoring your health.


Message History

You miss the kobold. The kobold hits you with a +0 dagger.
You closely miss the kobold. The kobold closely misses you.
Your ring mail prevents you from hitting the kobold.
The kobold closely misses you.
You hit the kobold.
You kill the kobold!
Trog accepts your kill.
No target in view!
No target in view!
No target in view!
No target in view!
No target in view!
No target in view!
No target in view!
No target in view!
No target in view!
No target in view!
No target in view!
No target in view!
No target in view!
No target in view!
You now have 162 gold pieces (gained 13).
Things that are here:
a +0 dagger; 2 poisoned darts; a kobold corpse
Found a book of Necromancy.
You see here a book of Necromancy.
Found 19 stones.
There is an open door here.
There is an open door here.
Done exploring.
Done exploring.
Done exploring.
No target in view!
Really quaff the potion of mutation?
Uppercase [Y]es or [N]o only, please.
Really quaff the potion of mutation?
You feel extremely strange.
You feel less resistant to poisons.
You feel stupid.
Your system partially rejects the healing effects of potions.
Are you sure you want to abandon this character and quit the game? (Confirm with "yes".)

# #.###.##.# ##...##
#.# # #.(......# ##'##
#.# # #####.####
#.##### #.# # #.#
#.....# #.# # #.#
##.###.# #.# # #.#
##...##.####.# # #.#
#............# #
#.########....#.######
#......@.##.#.#.#
#######...#.....#
#........## #...#.#.##
#####.### #.#
########### #.#
#.........# #.# #
#.#######.#
#.############


There were no monsters in sight!

Vanquished Creatures
  A hound (D:3)
  Crazy Yiuf (D:2)
  An orc priest (D:3)
  2 adders (D:3)
  A worm (D:2)
  2 dart slugs
  2 orcs (D:3)
  9 endoplasms
  2 giant cockroaches
  3 goblins
  2 hobgoblins
  3 jackals (D:1)
  A quokka (D:2)
  5 ball pythons
  4 bats
  5 frilled lizards
  4 kobolds
  A rat (D:1)
49 creatures vanquished.

Notes
Turn   | Place    | Note
-------+----------+-------------------------------------------
     0 | D:1      | ezpacito the Demonspawn Berserker began the quest for the
                  | Orb.
     0 | D:1      | Reached XP level 1. HP: 18/18 MP: 1/1
   135 | D:1      | Gained mutation: You sometimes gain a little power by
                  | taking damage. [demonic ancestry]
   135 | D:1      | Reached XP level 2. HP: 24/24 MP: 2/2
   732 | D:2      | Reached ** piety under Trog
   997 | D:2      | Found a faded altar of an unknown god.
  1004 | D:2      | Gained mutation: You sometimes gain power by taking damage.
                  | [demonic ancestry]
  1004 | D:2      | Reached XP level 3. HP: 24/29 MP: 3/3
  1281 | D:2      | Found a runed translucent door.
  1282 | D:2      | Noticed Crazy Yiuf
  1857 | D:2      | Killed Crazy Yiuf
  1858 | D:2      | Reached skill level 1 in Stealth
  1858 | D:2      | Reached XP level 4. HP: 16/35 MP: 4/4
  2191 | D:3      | Reached skill level 1 in Unarmed Combat
  2626 | D:3      | Gained mutation: Your mind is acute. (Int +2) [potion of
                  | mutation]
  2626 | D:3      | Gained mutation: Your system is resistant to poisons.
                  | (rPois) [potion of mutation]
  2626 | D:3      | Gained mutation: You have an increased reservoir of magic.
                  | (+10% MP) [potion of mutation]
  2632 | D:3      | Gained mutation: You have a pair of small antennae on your
                  | head. [demonic ancestry]
  2632 | D:3      | Reached XP level 5. HP: 16/41 MP: 5/5
  3297 | D:3      | Lost mutation: Your system is resistant to poisons. (rPois)
                  | [potion of mutation]
  3297 | D:3      | Lost mutation: Your mind is acute. (Int +2) [potion of
                  | mutation]
  3297 | D:3      | Gained mutation: Potions are less effective at restoring
                  | your health. [potion of mutation]
  3298 | D:3      | Quit the game

Illustrated notes

Levels and vault maps discovered:
D:1:      wander_arrival_desolate, layout_basic
D:2:      layout_loops_corners, ebering_ecumenical_altar_webs,
          minmay_tetromino_s2, uniq_crazy_yiuf_cottage
D:3:      layout_loops_corners

Skill      XL: |  1  2  3  4 |
---------------+-------------+-----
Axes           | 3 |  3.8
Dodging        | 2 |  2.4
Armour         | 2 |  2.3
Stealth        | 1 |  1.5
Unarmed Combat | 1 |  1.3
Fighting       | |  3.5

Action                   |  1- 3 |  4- 6 || total
-------------------------+-------+-------++-------
Melee: Hand axe          |   107 |    80 ||   187
  Use: Scroll            |     5 |     1 ||     6
       Potion            |     1 |     4 ||     5
 Stab: Sleeping          |     1 |       ||     1
Armor: Ring mail         |    39 |    36 ||    75
       Skin              |     1 |       ||     1
Dodge: Dodged            |    75 |    52 ||   127

Table legend: (Time is in decaauts)
 A = Elapsed time spent in this place.
 B = Non-inter-level travel time spent in this place.
 C = Inter-level travel time spent in this place.
 D = Time resting spent in this place.
 E = Time spent auto-exploring this place.
 F = Levels seen in this place.
 G = Mean time per level.
                   A        B        C        D        E       F      G
               +--------+--------+--------+--------+--------+-----+--------+
         Total |   3310 |   3260 |     50 |    419 |   2441 |   3 | 1103.3 |
       Dungeon |   3310 |   3260 |     50 |    419 |   2441 |   3 | 1103.3 |
               +--------+--------+--------+--------+--------+-----+--------+

Top non-repeatable levels by time:
     D:2: 1424 daAuts
     D:3: 1147 daAuts
     D:1: 738 daAuts
